 Dungeon Crawl Stone Soup version 0.29-a0-1052-g6990b1bffc (webtiles) character file.

Game seed: 9966047550449631498

12060 Ijustatesigmund the Thaumaturge (level 11, 0/62 HPs)
             Began as a Deep Elf Necromancer on Aug 16, 2022.
             Was an Initiate of Yredelemnul.
             Slain by a vampire mosquito (9 damage)
             ... on level 11 of the Dungeon on Aug 17, 2022.
             The game lasted 01:00:16 (16610 turns).

Ijustatesigmund the Thaumaturge (DENe)             Turns: 16610, Time: 01:00:17

Health: 0/62       AC:  8    Str:  5    XL:     11   Next: 57%
Magic:  22/27      EV: 14    Int: 25    God:    Yredelemnul [......]
Gold:   295        SH:  5    Dex: 15    Spells: 12/31 levels left

rFire   + . .      SeeInvis .   w - +5 short sword
rCold   + . .      Faith    .   n - +1 buckler
rNeg    . . .      Spirit   .   a - +2 robe {rC+ rF+}
rPois   .          Reflect  .   d - +2 hat
rElec   .          Harm     .   (no cloak)
rCorr   +          Rampage  .   j - +0 pair of gloves
Will    ++...                   v - +0 pair of boots
Stlth   +++.......              o - amulet of magic regeneration
HPRegen 0.20/turn               c - ring of willpower
MPRegen 0.60/turn               u - ring of resist corrosion

@: no status effects
A: no striking features
a: Renounce Religion, Recall Undead Harvest


You were on level 11 of the Dungeon.
You worshipped Yredelemnul.
Yredelemnul was aware of your devotion.
You visited 1 branch of the dungeon, and saw 11 of its levels.

You collected 565 gold pieces.
You spent 270 gold pieces at shops.

Inventory:

Hand Weapons
 e - a +3 scimitar of flaming
 w - a +5 short sword (weapon)
Missiles
 A - 3 throwing nets
Armour
 a - a +2 robe of resistance (worn)
 d - a +2 hat (worn)
 j - a +0 pair of gloves (worn)
 n - a +1 buckler (worn)
 v - a +0 pair of boots (worn)
Jewellery
 c - a ring of willpower (left hand)
 m - an amulet of faith
 o - an amulet of magic regeneration (around neck)
 t - the ring of Ru's Righteous Fury {+Blink rC+ rN+ Int+6}
   (You found it on level 11 of the Dungeon)

   [ring of intelligence]

   Int:       It affects your intelligence (+6).
   rC:        It protects you from cold.
   rN:        It protects you from negative energy.
   +Blink:    It lets you blink.
 u - a ring of resist corrosion (right hand)
 y - a ring of ice
Wands
 k - a wand of flame (23)
 p - a wand of polymorph (5)
 z - a wand of roots (6)
Scrolls
 f - 10 scrolls of identify
 i - 3 scrolls of teleportation
 q - a scroll of amnesia
 r - 2 scrolls of blinking {unknown}
 s - a scroll of summoning
Potions
 b - a potion of magic
 g - 3 potions of brilliance
 h - 2 potions of curing
 l - 2 potions of attraction
 x - a potion of haste {unknown}


   Skills:
 - Level 4.5 Fighting
 - Level 4.2 Short Blades
 - Level 5.3 Dodging
 - Level 3.8 Stealth
 - Level 1.8 Shields
 + Level 10.7 Spellcasting
 + Level 6.7 Conjurations
 - Level 5.1 Hexes
 - Level 8.5 Necromancy
 - Level 5.0 Translocations
 + Level 5.5 Earth Magic
 + Level 8.8 Invocations


You had 12 spell levels left.
You knew the following spells:

 Your Spells              Type           Power      Damage    Failure   Level
a - Necrotise             Necr           100%       1d9       1%          1
b - Vampiric Draining     Necr           54%        2d9       1%          3
c - Dazzling Flash        Conj/Hex       86%        N/A       1%          3
d - Passwall              Tmut/Erth      22%        N/A       3%          2
e - Agony                 Necr           54%        N/A       4%          5
f - Blink                 Tloc           76%        N/A       1%          2
g - Stone Arrow           Conj/Erth      88%        3d12      1%          3

Your spell library contained the following spells:

 Spells                   Type           Power      Damage    Failure   Level
 Sandblast                Erth           82%        2d17      1%          1
 Lesser Beckoning         Tloc           38%        N/A       2%          3
 Ensorcelled Hibernation  Hex/Ice        52%        N/A       3%          2
 Swiftness                Air            13%        N/A       19%         3
 Manifold Assault         Tloc           38%        N/A       21%         5
 Silence                  Hex/Air        13%        N/A       52%         5
 Malign Gateway           Summ/Tloc      13%        N/A       100%        7
 Summon Horrible Things   Summ           6%         N/A       100%        8
 Animate Dead             Necr           Unusable   N/A       N/A         4

Dungeon Overview and Level Annotations

Branches:
Dungeon (11/15)            Temple (0/1) D:6            Lair (0/5) D:9
    Orc (0/2) D:9

Altars:
Ashenzari
Cheibriados
Dithmenos
Elyvilon
Fedhas
Gozag
Ru
Trog
Uskayaw
Yredelemnul
The Shining One

Shops:
D:4 =   D:6 !   D:7 :   D:9 !

Annotations:
D:8 2 transporters, rngdf's ghost, novice SpEn


Message History

Aim: a vampire mosquito The roots erupt in riotous growth!
Roots grab the vampire mosquito. x2
The grasping roots constrict the vampire mosquito.
The grasping roots constrict the vampire mosquito!
You hear an angry buzzing noise.
You hear a howl!
The vampire mosquito bites you but does no damage.
The vampire mosquito misses you. The vampire mosquito bites you!
The vampire mosquito draws strength from your injuries!
The vampire mosquito misses you.
Casting: Passwall (safe; 3% risk of failure)
Confirm with . or Enter, or press ? or * to list all spells.
Aiming: Stone Arrow (safe; 1% risk of failure)
Press: ? - help, Shift-Dir - straight line, f/p - vampire mosquito
Aim: a vampire mosquito (moderately damaged, constricted by roots, 92% to hit)
The stone arrow hits the vampire mosquito!
The vampire mosquito is almost destroyed.
The grasping roots constrict the vampire mosquito. x2
You destroy the vampire mosquito!
The vampire mosquito bites you but does no damage.
The vampire mosquito bites you.
* * * LOW HITPOINT WARNING * * *
The vampire mosquito draws strength from your injuries!
You block the vampire mosquito's attack.
Casting: Stone Arrow (safe; 1% risk of failure)
Confirm with . or Enter, or press ? or * to list all spells.
Aiming: Stone Arrow (safe; 1% risk of failure)
Press: ? - help, Shift-Dir - straight line, f - vampire mosquito
Aim: a vampire mosquito (constricted by roots, 92% to hit)
The stone arrow hits the vampire mosquito!!
The vampire mosquito is severely damaged.
The grasping roots constrict the vampire mosquito.
The roots release their grip on the vampire mosquito.
The vampire mosquito bites you!
* * * LOW HITPOINT WARNING * * *
The vampire mosquito draws strength from your injuries!
The vampire mosquito closely misses you.
The vampire mosquito bites you!
You die...
Your body rises from the dead as a mindless zombie.

#...# ..
#.#......#
##.##....#
#..#...###
####....#.#
#........##
#........#
#...#..###
#.yy#.##
##@#### ###


You could see 2 vampire mosquitoes.

Vanquished Creatures
  Josephine (D:10)
  Harold (D:10)
  A two-headed ogre (D:8)
  Erica (D:8)
  A komodo dragon (D:9)
  2 trolls (D:10)
  13 yaks
  3 wraiths (D:10)
  A steam dragon (D:7)
  A vampire mosquito (D:11)
  Menkaure (D:5)
  An acid dragon (D:8)
  10 orc warriors
  2 ice beasts
  3 water moccasins
  A sky beast (D:6)
  4 ogres
  7 centaurs
  3 bullfrogs (D:9)
  A necrophage (D:5)
  5 scorpions
  6 wights
  13 killer bees
  A centaur zombie (D:4)
  A jelly (D:8)
  2 hounds
  7 orc priests
  3 iguanas
  12 orc wizards
  6 gnolls
  4 adders
  A white imp (D:6)
  2 ufetubi (D:5)
  An adder zombie (D:4)
  A dart slug (D:5)
  38 orcs
  11 ball pythons
  5 endoplasms
  2 giant cockroaches
  9 goblins
  11 hobgoblins
  8 jackals
  4 quokkas
  4 frilled lizards
  4 kobolds
  4 rats
223 creatures vanquished.

Vanquished Creatures (collateral kills)
  A yak (D:10)
  A wyvern (D:9)
  A water moccasin (D:9)
  An orc warrior (D:9)
  3 black bears (D:9)
  A centaur (D:8)
  A bullfrog (D:9)
  4 wights
  A killer bee (D:9)
  A howler monkey (D:9)
  2 orc priests (D:9)
  3 orc wizards
  A sky beast zombie (D:6)
  A mummy (D:7)
  An ufetubus (D:6)
  9 orcs
  A frilled lizard (D:2)
  A rat (D:3)
34 creatures vanquished.

Vanquished Creatures (others)
  A human zombie (D:10)
  A sky beast (D:6)
  A wyvern zombie (D:9)
  2 water moccasin zombies
  3 yak zombies (D:10)
  3 centaur zombies
  A bullfrog zombie (D:9)
  A black bear zombie (D:9)
  A scorpion zombie (D:9)
  8 killer bee zombies
  An acid dragon zombie (D:8)
  4 ogre zombies
  A steam dragon zombie (D:7)
  A spectral white imp (D:6)
  A dart slug zombie (D:5)
  2 gnoll zombies (D:5)
  22 orc zombies
  38 fungi (D:9)
  45 plants
137 creatures vanquished.

Grand Total: 394 creatures vanquished

Notes
Turn   | Place    | Note
-------+----------+-------------------------------------------
     0 | D:1      | Ijustatesigmund the Deep Elf Necromancer began the quest
                  | for the Orb.
     0 | D:1      | Reached XP level 1. HP: 10/10 MP: 6/6
   119 | D:1      | Reached skill level 5 in Necromancy
   263 | D:1      | Reached XP level 2. HP: 15/15 MP: 4/8
  1258 | D:2      | Reached skill level 4 in Spellcasting
  1258 | D:2      | Reached XP level 3. HP: 16/19 MP: 1/10
  1330 | D:2      | Learned a level 3 spell: Vampiric Draining
  2097 | D:3      | Found a blossoming altar of Fedhas.
  2299 | D:3      | Reached XP level 4. HP: 24/24 MP: 9/12
  2684 | D:3      | Reached skill level 5 in Spellcasting
  3043 | D:3      | Found a shadowy altar of Dithmenos.
  3130 | D:3      | Found a faded altar of an unknown god.
  3173 | D:4      | Noticed a scorpion
  3180 | D:4      | Killed a scorpion
  3181 | D:4      | Reached XP level 5. HP: 28/28 MP: 10/14
  3253 | D:4      | Found Gesaceum's Jewellery Shop.
  3255 | D:4      | Noticed an ice beast
  3271 | D:4      | Killed an ice beast
  3272 | D:4      | Reached skill level 1 in Fighting
  3272 | D:4      | Reached XP level 6. HP: 30/34 MP: 5/16
  3530 | D:4      | Identified the +5 plate armour of the Circus Animal {rC++
                  | MP-9 Dex+5}
  3610 | D:4      | Reached skill level 6 in Spellcasting
  3990 | D:4      | Learned a level 3 spell: Dazzling Flash
  4167 | D:4      | Found a basalt altar of Yredelemnul.
  4290 | D:4      | Became a worshipper of Yredelemnul the Dark
  4519 | D:5      | Entered Level 5 of the Dungeon
  4775 | D:5      | Found a white marble altar of Elyvilon.
  4798 | D:5      | Noticed Menkaure
  4853 | D:5      | Reached skill level 1 in Hexes
  4869 | D:5      | Reached skill level 1 in Conjurations
  4869 | D:5      | Reached skill level 1 in Invocations
  5250 | D:5      | Killed Menkaure
  5251 | D:5      | Reached XP level 7. HP: 38/38 MP: 15/18
  5437 | D:5      | Reached * piety under Yredelemnul
  5441 | D:5      | Reached skill level 1 in Short Blades
  5755 | D:5      | Learned a level 2 spell: Passwall
  5896 | D:5      | Upgraded the game from 0.29-a0-1043-g569b05d6ff to
                  | 0.29-a0-1052-g6990b1bffc
  6551 | D:6      | Found a hide-covered altar of Uskayaw.
  6565 | D:6      | Reached skill level 7 in Spellcasting
  6565 | D:6      | Reached XP level 8. HP: 31/43 MP: 15/20
  6875 | D:6      | Reached skill level 1 in Shields
  7270 | D:6      | HP: 2/43 [sky beast zombie[the player character] (3)]
  7878 | D:6      | Found Comm's Distillery.
  8039 | D:6      | Bought 2 potions of heal wounds for 130 gold pieces
  8045 | D:6      | Learned a level 5 spell: Agony
  8048 | D:6      | Learned a level 2 spell: Blink
  8108 | D:6      | Found a staircase to the Ecumenical Temple.
  8441 | D:6      | Reached skill level 1 in Translocations
  8986 | D:7      | Found a broken altar of Ashenzari.
  9054 | D:7      | Reached XP level 9. HP: 20/49 MP: 22/22
  9570 | D:7      | Reached skill level 5 in Invocations
  9623 | D:7      | Found Kedosypn's Self-Improvement Boutique.
 10645 | D:7      | Found a snail-covered altar of Cheibriados.
 10909 | D:8      | Noticed a two-headed ogre
 10923 | D:8      | Killed a two-headed ogre
 10948 | D:8      | Reached skill level 5 in Translocations
 11487 | D:8      | Reached XP level 10. HP: 57/57 MP: 14/23
 11983 | D:8      | Found a transporter.
 11983 | D:8      | Noticed rngdf's ghost (novice SpEn)
 12166 | D:8      | Noticed Erica
 12176 | D:8      | Killed Erica
 12177 | D:8      | Reached skill level 8 in Spellcasting
 12177 | D:8      | Reached skill level 5 in Hexes
 12271 | D:8      | Found a transporter.
 12655 | D:9      | Learned a level 3 spell: Stone Arrow
 12725 | D:9      | Reached ** piety under Yredelemnul
 12929 | D:9      | Reached skill level 1 in Earth Magic
 12961 | D:9      | Reached *** piety under Yredelemnul
 13122 | D:9      | Found a staircase to the Lair.
 13162 | D:9      | Identified the +0 robe of the Comet {Will+}
 13163 | D:9      | Reached skill level 9 in Spellcasting
 13278 | D:9      | Found Seatsuj's Distillery.
 13329 | D:9      | Found a staircase to the Orcish Mines.
 13341 | D:9      | Bought a potion of heal wounds for 70 gold pieces
 13341 | D:9      | Bought a potion of heal wounds for 70 gold pieces
 13359 | D:9      | Reached skill level 5 in Dodging
 13368 | D:9      | You fall into a shaft and drop 2 floors!
 13398 | D:10     | Entered Level 10 of the Dungeon
 13415 | D:10     | Reached skill level 5 in Conjurations
 14122 | D:10     | Reached XP level 11. HP: 54/62 MP: 20/26
 14394 | D:10     | Found an opulent altar of Gozag.
 14615 | D:10     | Noticed Josephine
 14622 | D:10     | Killed Josephine
 14623 | D:10     | Reached skill level 10 in Spellcasting
 14960 | D:10     | Your ally Josephine died
 15129 | D:10     | Found a sacrificial altar of Ru.
 15222 | D:10     | Reached skill level 5 in Earth Magic
 16275 | D:10     | Noticed Harold
 16289 | D:10     | HP: 3/62 [Harold/+5 hand axe of flaming (18)]
 16300 | D:10     | Killed Harold
 16432 | D:10     | Found a glowing golden altar of the Shining One.
 16437 | D:10     | Found a bloodstained altar of Trog.
 16511 | D:11     | Noticed a two-headed ogre
 16511 | D:11     | Noticed a purple ugly thing
 16512 | D:11     | Identified the ring of Ru's Righteous Fury {+Blink rC+ rN+
                  | Int+6}
 16610 | D:11     | Slain by a vampire mosquito

Illustrated notes

Levels and vault maps discovered:
D:1:      amcnicky_arrival_feature_with_door, layout_basic,
          minmay_curled_crystal, st_stairs_8, amcnicky_mini_pool_small
D:2:      layout_loops_cross
D:3:      layout_basic, fedhas_altar_1, mainiacjoe_overflow_alcove_1,
          dilly_ecumenical_altar_fadedgnrine, grunt_decor_cap
D:4:      layout_loops_ring, lemuel_zombie_altar_yredelemnul, serial_shops,
          nicolae_square_shop, nrook_mini_vaults
D:5:      layout_cave_pods, elyvilon_altar_3, hangedman_decor_opposing,
          st_stairs_7, uniq_menkaure
D:6:      layout_loops_ring, mainiacjoe_overflow_tiny_flanked,
          minmay_temple_entry_enclosed_plants, minmay_splitting_lines,
          kennysheep_small_square
D:7:      layout_layer_cave, slow_altar_2, ashenzari_conservatory_becter,
          nicolae_shop_self_help
D:8:      layout_loops_corners, gammafunk_ghost_arena, uniq_erica
D:9:      layout_basic, due_lair_maze_entry_diamond,
          minmay_orc_entry_temple_small, serial_shops, nicolae_shop_crystal
D:10:     layout_long_grid, minitemple, mainiacjoe_overflow_small_starburst,
          grunt_gozag_breadcrumbs, special_room [special_room_orc],
          roderic_lattice_a, minmay_holes, uniq_harold, uniq_josephine
D:11:     layout_cave_pools, lemuel_flame_loot_1

Skill      XL: |  1  2  3  4  5  6  7  8  9 10 11 |
---------------+----------------------------------+-----
Necromancy     | 5 6 7 8 |  8.5
Spellcasting   | 4 5 6 7 9 10 | 10.7
Fighting       | 1 2 4 |  4.5
Stealth        | 3 |  3.8
Hexes          | 2 3 4 5 |  5.1
Conjurations   | 1 2 3 5 6 |  6.7
Invocations    | 1 2 4 6 7 8 |  8.8
Short Blades   | 1 4 |  4.2
Shields        | 1 |  1.8
Translocations | 2 5 |  5.0
Dodging        | 5 |  5.3
Earth Magic    | 3 5 |  5.5

Action                   |  1- 3 |  4- 6 |  7- 9 | 10-12 || total
-------------------------+-------+-------+-------+-------++-------
Melee: Dagger            |     4 |    67 |    96 |    14 ||   181
       Punch             |       |     2 |       |       ||     2
       Short sword       |       |       |     7 |   133 ||   140
 Cast: Necrotise         |    65 |    59 |   104 |   114 ||   342
       Vampiric Draining |     1 |    13 |    51 |    96 ||   161
       Dazzling Flash    |       |     1 |       |       ||     1
       Agony             |       |       |     4 |     5 ||     9
       Stone Arrow       |       |       |       |    18 ||    18
       Passwall          |       |       |       |     1 ||     1
Invok: Recall Undead Har |       |     1 |     3 |     1 ||     5
Evoke: Wand              |       |     5 |     7 |     6 ||    18
  Use: Scroll            |       |    10 |     2 |     3 ||    15
       Potion            |       |     3 |     9 |     4 ||    16
 Stab: Sleeping          |       |     3 |     2 |     1 ||     6
Armor: Robe              |     1 |    53 |    61 |    65 ||   180
Dodge: Dodged            |     5 |    94 |   114 |   227 ||   440
Block: Buckler           |       |       |     2 |    79 ||    81

Table legend: (Time is in decaauts)
 A = Elapsed time spent in this place.
 B = Non-inter-level travel time spent in this place.
 C = Inter-level travel time spent in this place.
 D = Time resting spent in this place.
 E = Time spent auto-exploring this place.
 F = Levels seen in this place.
 G = Mean time per level.
                   A        B        C        D        E       F      G
               +--------+--------+--------+--------+--------+-----+--------+
         Total |  16603 |  15971 |    632 |   4572 |   9198 |  11 | 1509.4 |
       Dungeon |  16603 |  15971 |    632 |   4572 |   9198 |  11 | 1509.4 |
               +--------+--------+--------+--------+--------+-----+--------+

Top non-repeatable levels by time:
     D:5: 2632 daAuts
    D:10: 2184 daAuts
     D:7: 2128 daAuts
     D:8: 1701 daAuts
     D:9: 1653 daAuts
     D:6: 1453 daAuts
     D:4: 1428 daAuts
     D:3: 1271 daAuts
     D:1: 1111 daAuts
     D:2: 868 daAuts
    D:11: 169 daAuts
